 Dungeon Crawl Stone Soup version 0.31-a0-4-gefa6de2278 (webtiles) character file.

Game seed: 14599613377678365115

186 Aneyh the Trooper (level 5, -1/35 HPs)
             Began as a Tengu Monk on May 5, 2023.
             Slain by a black bear (3 damage)
             ... on level 4 of the Dungeon.
             The game lasted 00:04:19 (2830 turns).

Aneyh the Trooper (Tengu Monk)                      Turns: 2830, Time: 00:04:21

Health: -1/35      AC:  6    Str: 12    XL:     5   Next: 66%
Magic:  6/6        EV: 15    Int: 10    God:
Gold:   74         SH:  0    Dex: 18    Spells: 4/4 levels left

rFire   . . .        o - +0 dagger (pain)
rCold   + . .        d - orb {light}
rNeg    . . .        s - +1 leather armour {rC+}
rPois   .            (helmet restricted)
rElec   .            (no cloak)
rCorr   .            y - +1 pair of gloves
SInv    .            (boots unavailable)
Will    .....        (no amulet)
Stlth   +            (no ring)
HPRegen 0.25/turn    (no ring)
MPRegen 0.10/turn

%: no passive effects
@: flying quickly and evasively, glowing, quick
A: beak, talons 3, nimble flight
a: no special abilities


You were on level 4 of the Dungeon.
You visited 1 branch of the dungeon, and saw 6 of its levels.

You collected 200 gold pieces.
You spent 126 gold pieces at shops.

Inventory:

Hand Weapons
 a - a +0 falchion
 o - a +0 dagger of pain (weapon)
 t - a +2 heavy spear
Armour
 b - a +0 robe
 d - an orb of light (worn)
 i - a +0 leather armour
 r - a +0 chain mail
 s - a +1 leather armour of cold resistance (worn)
 y - a +1 pair of gloves (worn)
Jewellery
 m - a ring of protection from cold
Wands
 x - a wand of iceblast (5)
Scrolls
 e - 4 scrolls of teleportation {unknown}
 j - 2 scrolls of amnesia {unknown}
 k - 2 scrolls of magic mapping {unknown}
 p - 2 scrolls of blinking {unknown}
 q - 3 scrolls of identify {unknown}
 v - a scroll of brand weapon {unknown}
 w - 2 scrolls of silence {unknown}
 A - 2 scrolls of fog {unknown}
Potions
 c - a potion of ambrosia
 f - 3 potions of lignification {unknown}
 g - 4 potions of curing {unknown}
 h - a potion of cancellation {unknown}
 l - a potion of haste {unknown}
 n - 2 potions of might {unknown}
 u - a potion of attraction {unknown}
 z - a potion of brilliance {unknown}


   Skills:
 * Level 5.2 Fighting
 - Level 4.4 Long Blades
 * Level 1.5 Polearms
 - Level 3.2 Dodging


You had 4 spell levels left.
You didn't know any spells.
Your spell library contained the following spells:

 Spells                   Type           Power      Damage    Failure   Level
 Scorch                   Fire           0%         2d5       58%         2
 Ozocubu's Armour         Ice            0%         N/A       82%         3
 Flame Wave               Conj/Fire      0%         2d4       99%         4
 Summon Cactus Giant      Summ           0%         N/A       100%        6
 Ozocubu's Refrigeration  Ice            0%         4d7       100%        7


Dungeon Overview and Level Annotations

Branches:
Dungeon (6/15)
 Temple: D:4-7

Altars:
Xom

Shops:
D:3 (


Innate Abilities, Weirdness & Mutations

You have a beak for a mouth.
You have claws for feet.
Your magical nature lets you fly swiftly and evasively.


Message History

A black bear comes into view.
The black bear growls angrily.
A black bear is nearby!
Found a scroll labelled BEYCLIDAMY.
The black bear barely misses you. The black bear claws you.
The black bear closely misses you.
An iguana comes into view.
The iguana hisses angrily.
You hit the black bear.
The black bear is lightly wounded.
The black bear bites you.
The black bear claws you but does no damage.
The black bear completely misses you.
You hit the black bear. You claw the black bear!
The black bear is moderately wounded.
You hit the black bear. You claw the black bear. You peck the black bear.
The black bear is severely wounded.
The black bear bites you but does no damage.
The black bear barely misses you. The black bear claws you.
You hit the black bear but do no damage.
Your kick misses the black bear.
The black bear is severely wounded.
The black bear barely misses you.
The black bear claws you but does no damage. x2
You hit the black bear. You claw the black bear.
The black bear is severely wounded.
The black bear goes berserk!
You hit the black bear.
The black bear is almost dead.
The black bear bites you!
The black bear claws you but does no damage.
The black bear claws you. The iguana bites you.
* * * LOW HITPOINT WARNING * * *
The black bear attacks as you move away!
The black bear closely misses you. The black bear claws you.
* * * LOW HITPOINT WARNING * * *
The black bear claws you.
* * * LOW HITPOINT WARNING * * *
The black bear closely misses you. The black bear claws you.
You die...

....####.....##...#####
.......................
........#######...#####
........# ##..........
........## #.)....#####
...#.....# #......#
......>..# #...####
...###...# #...# ###
#@..###...#
#hl..?......
#....######.. .#.#.#
.... ..#.#.# ...
.......# .. ........#
##### ... ...#


You could see a black bear (berserk) and an iguana.

Vanquished Creatures
  A bullfrog (D:5)
  5 adders
  2 worms (D:2)
  4 dart slugs
  2 orcs (D:3)
  9 endoplasms
  4 giant cockroaches
  6 goblins
  2 hobgoblins (D:1)
  4 jackals (D:3)
  5 kobolds
  3 quokkas
  A ball python (D:1)
  8 bats
  5 frilled lizards
  3 rats
64 creatures vanquished.

Notes
Turn   | Place    | Note
-------+----------+-------------------------------------------
     0 | D:1      | Aneyh the Tengu Monk began the quest for the Orb.
     0 | D:1      | Reached XP level 1. HP: 14/14 MP: 2/2
    80 | D:1      | Reached XP level 2. HP: 9/19 MP: 3/3
   366 | D:1      | Reached XP level 3. HP: 17/24 MP: 4/4
   630 | D:2      | Reached skill level 4 in Fighting
   786 | D:2      | Reached XP level 4. HP: 27/29 MP: 5/5
  1953 | D:3      | Found Jucal's Antique Weapon Boutique.
  1986 | D:3      | Bought a glowing spear for 126 gold pieces
  2205 | D:3      | Gained mutation: Your magical nature lets you fly swiftly
                  | and evasively. [Tengu growth]
  2205 | D:3      | Reached XP level 5. HP: 31/34 MP: 6/6
  2316 | D:4      | You are sucked into a shaft and drop 2 floors!
  2325 | D:6      | Noticed a steam dragon
  2325 | D:6      | Noticed a water moccasin
  2326 | D:6      | Found a shimmering altar of Xom.
  2326 | D:6      | Noticed a kobold brigand
  2326 | D:6      | Noticed a black bear
  2332 | D:5      | Entered Level 5 of the Dungeon
  2340 | D:5      | Reached skill level 5 in Fighting
  2340 | D:5      | Reached skill level 1 in Polearms
  2820 | D:4      | Noticed a black bear
  2830 | D:4      | Slain by a black bear

Illustrated notes

Levels and vault maps discovered:
D:1:      dpeg_arrival_ternary, layout_rooms
D:2:      layout_basic
D:3:      layout_rooms, serial_shops, shop
D:4:      layout_basic, grunt_temple_overflow_open, minmay_box_of_dots,
          uniq_crazy_yiuf_cottage
D:5:      layout_layer_cave, mainiacjoe_overflow_alcove_1,
          kennysheep_flooded_box, minmay_manual_macuahuitl, uniq_ijyb
D:6:      layout_layer_cave, xom_confusion_cloud

Skill      XL: |  1  2  3  4  5 |
---------------+----------------+-----
Fighting       | 4 5 |  5.2
Long Blades    | 4 |  4.4
Polearms       | 1 |  1.5
Dodging        | |  3.2

Action                     |  1- 3 |  4- 6 || total
---------------------------+-------+-------++-------
  Melee: Falchion          |    66 |    14 ||    80
         Kick              |    18 |    35 ||    53
         Peck              |     7 |    20 ||    27
         Dagger            |       |    84 ||    84
 Armour: Robe              |     8 |       ||     8
         Leather armour    |    11 |    23 ||    34
  Dodge: Dodged            |    50 |    71 ||   121

Table legend: (Time is in decaauts)
 A = Elapsed time spent in this place.
 B = Non-inter-level travel time spent in this place.
 C = Inter-level travel time spent in this place.
 D = Time resting spent in this place.
 E = Time spent auto-exploring this place.
 F = Levels seen in this place.
 G = Mean time per level.
                   A        B        C        D        E       F      G
               +--------+--------+--------+--------+--------+-----+--------+
         Total |   2787 |   2720 |     67 |    325 |   1968 |   6 |  464.5 |
       Dungeon |   2787 |   2720 |     67 |    325 |   1968 |   6 |  464.5 |
               +--------+--------+--------+--------+--------+-----+--------+

Top non-repeatable levels by time:
     D:2: 1177 daAuts
     D:1: 590 daAuts
     D:3: 538 daAuts
     D:4: 256 daAuts
     D:5: 210 daAuts
     D:6: 14 daAuts
